 Dungeon Crawl Stone Soup version 0.31-a0-636-ge1c0e020e0 (webtiles) character file.

Game seed: 17151063586295328730

768 AtlasWard the Chopper (level 7, 0/62 HPs)
             Began as a Yellow Draconian Monk on Aug 26, 2023.
             Slain by an ogre
             ... wielding a +0 giant club
              (28 damage)
             ... on level 4 of the Dungeon.
             The game lasted 00:08:41 (4532 turns).

AtlasWard the Chopper (Yellow Draconian Monk)       Turns: 4532, Time: 00:08:42

Health: 0/62       AC: 10    Str: 15    XL:     7   Next: 52%
Magic:  7/7        EV: 12    Int: 10    God:
Gold:   208        SH:  5    Dex: 14    Spells: 6/6 levels left

rFire   + . .        b - +10 whip of Dithmenos's Envy {freeze, Fly rF+ rN+}
rCold   . . .        n - +0 buckler
rNeg    + . .        (body armour unavailable)
rPois   .            (helmet restricted)
rElec   .            (no cloak)
rCorr   +            i - +1 pair of gloves
SInv    .            r - +1 pair of boots {Stlth+}
Will    .....        (no amulet)
Stlth   ++           (no ring)
HPRegen 0.30/turn    (no ring)
MPRegen 0.10/turn

%: no passive effects
@: flying
A: spit acid, AC +6, unfitting armour, cold-blooded, acid resistance
a: Breathe Acid


You were on level 4 of the Dungeon.
You visited 2 branches of the dungeon, and saw 6 of its levels.

You collected 253 gold pieces.
You spent 45 gold pieces at shops.

Inventory:

Hand Weapons
 a - a +0 hand axe of venom
 b - the +10 whip of Dithmenos's Envy (weapon) {freeze, Fly rF+ rN+}
   (You found it on level 4 of the Dungeon)

   rF+:       It protects you from fire.
   rN+:       It protects you from negative energy.
   Fly:       It grants you flight.
Missiles
 o - 3 datura-tipped darts (quivered)
Armour
 c - an orb of light
 i - a +1 pair of gloves (worn)
 n - a +0 buckler (worn)
 r - a +1 pair of boots of stealth (worn)
Jewellery
 u - a ring of wizardry
 x - an amulet of guardian spirit
Scrolls
 d - a scroll of enchant weapon {unknown}
 e - a scroll of immolation {unknown}
 f - 4 scrolls of identify {unknown}
 g - 3 scrolls of revelation {unknown}
 h - 2 scrolls of teleportation {unknown}
 j - a scroll of enchant armour {unknown}
 l - a scroll of noise {unknown}
 p - a scroll of vulnerability {unknown}
 q - a scroll of blinking {unknown}
Potions
 k - a potion of mutation {unknown}
 m - a potion of brilliance {unknown}
 s - a potion of lignification {unknown}
 t - a potion of heal wounds
 v - a potion of attraction {unknown}
 w - 3 potions of ambrosia


   Skills:
 + Level 5.7 Fighting
 * Level 6.8 Axes
 - Level 2.6 Dodging
 + Level 3.6 Shields


You had 6 spell levels left.
You didn't know any spells.
Your spell library contained the following spells:

 Spells                   Type           Power      Damage    Failure   Level
 Apportation              Tloc           0%         N/A       45%         1
 Foxfire                  Conj/Fire      0%         2x1d4     45%         1
 Necrotise                Necr           0%         1d4       45%         1
 Summon Small Mammal      Summ           0%         N/A       45%         1
 Tukima's Dance           Hex            0%         N/A       83%         3
 Passage of Golubria      Tloc           0%         N/A       99%         4
 Yara's Violent Unravell  Hex/Tmut       0%         3d3       100%        5
 Plasma Beam              Fire/Air       0%         2x1d10    100%        6
 Starburst                Conj/Fire      0%         6d3       100%        6


Dungeon Overview and Level Annotations

Branches:
Dungeon (5/15)             Temple (1/1) D:4

Altars:
Ashenzari
Dithmenos
Elyvilon
Kikubaaqudgha
Qazlal
Ru
Sif Muna
Trog
Wu Jian
Yredelemnul
The Shining One

Shops:
D:1 [


Innate Abilities, Weirdness & Mutations

You can spit globs of acid.
Your golden yellow scales are hard. (AC +6)
You cannot fit into any form of body armour.
You are cold-blooded and may be slowed by cold attacks.
You are resistant to acid. (rCorr)


Message History

The scorpion is heavily wounded.
The scorpion stings you.
You are poisoned.
The scorpion poisons you!
You whack the scorpion! You freeze the scorpion.
You kill the scorpion!
You feel sick.
You barely miss the orc.
You feel sick. The orc hits you but does no damage.
The orc hits you from afar with a +0 trident.
You barely miss the orc.
You feel sick. You block the orc's attack.
You closely miss the orc.
You feel sick. The orc hits you with a +0 hand axe.
The orc hits you from afar with a +0 trident.
You block the orc's attack.
You whack the orc! You freeze the orc.
You kill the orc!
You feel sick. The orc hits you but does no damage. x2
You hit the orc. You freeze the orc.
Your tail-slap misses the orc.
The orc is heavily wounded.
You feel sick. You block the orc's attack.
You feel sick.
You are no longer poisoned.
You block the orc's attack. The orc attacks as it pursues you!
The orc hits you but does no damage. The orc attacks as it pursues you!
The orc closely misses you.
You see here a +0 short sword.
The orc attacks as it pursues you! You block the orc's attack.
There is a stone staircase leading up, spattered with blood here.
The ogre completely misses you. You block the orc's attack.
You fly upwards.
There is a stone staircase leading down, spattered with blood here.
You whack the ogre! You freeze the ogre.
The ogre is moderately wounded.
The orc closely misses you.
You hit the ogre. You freeze the ogre.
The ogre is severely wounded.
The ogre misses you. The orc barely misses you.
You closely miss the ogre.
The ogre is severely wounded.
The ogre hits you with a +0 giant club!!
You die...

..#...............#≈.♣##♣.≈#
............>..##.#≈.# #.≈#
[.#....##......##.#≈.# #.≈#
..........#.......#≈.♣##♣)≈#
..#.......###.....#≈.)....≈#
..#.#.............#≈≈≈..≈≈≈#
............#...#.####''####
....#....##.#..).†......#
.##............[@O.....##
...........##.#[[o....##
.......#....#.#.......#
.......#....+.#...#.###
....####....#.....#.#
..............#..##.#
............#.#.....#
..............#.#####
............#...#


You could see an ogre and an orc.

Vanquished Creatures
  2 ogres (D:4)
  A scorpion (D:5)
  A killer bee (D:5)
  2 hounds
  A sleepcap (D:4)
  Terence (D:2)
  7 orc wizards
  3 gnolls
  8 adders
  4 worms (D:2)
  11 orcs
  4 endoplasms
  3 giant cockroaches
  4 goblins
  3 hobgoblins
  5 jackals (D:3)
  6 quokkas
  10 ball pythons
  7 bats
  5 frilled lizards
  8 kobolds
  6 rats
102 creatures vanquished.

Notes
Turn   | Place    | Note
-------+----------+-------------------------------------------
     0 | D:1      | AtlasWard the Draconian Monk began the quest for the Orb.
     0 | D:1      | Reached XP level 1. HP: 19/19 MP: 1/1
   293 | D:1      | Reached XP level 2. HP: 26/26 MP: 2/2
   295 | D:1      | Found Nocwi's Armour Shop.
   330 | D:1      | Bought a +0 pair of boots for 45 gold pieces
   773 | D:2      | Reached XP level 3. HP: 33/33 MP: 3/3
  1273 | D:2      | Reached skill level 4 in Axes
  1769 | D:3      | Noticed Terence
  1798 | D:2      | Killed Terence
  1799 | D:2      | Reached skill level 1 in Shields
  1799 | D:2      | Reached XP level 4. HP: 25/40 MP: 4/4
  2932 | D:4      | Reached XP level 5. HP: 47/47 MP: 5/5
  3001 | D:3      | Reached skill level 5 in Axes
  3411 | D:3      | Reached XP level 6. HP: 6/55 MP: 6/6
  3728 | D:4      | Found a staircase to the Ecumenical Temple.
  3758 | Temple   | Entered the Ecumenical Temple
  3922 | D:4      | Reached skill level 5 in Fighting
  4112 | D:4      | Reached skill level 6 in Axes
  4120 | D:4      | Identified the +10 whip of Dithmenos's Envy {freeze, Fly
                  | rF+ rN+}
  4270 | D:5      | Entered Level 5 of the Dungeon
  4281 | D:4      | Your scales start taking on a golden yellow colour.
  4281 | D:4      | Reached XP level 7. HP: 23/61 MP: 7/7
  4281 | D:4      | Gained mutation: You are resistant to acid. (rCorr) [Yellow
                  | Draconian growth]
  4532 | D:4      | Slain by an ogre

Illustrated notes

Levels and vault maps discovered:
D:1:      scummos_arrival_forest, layout_basic, serial_shops,
          nicolae_shop_hallway_plus
D:2:      layout_basic, minmay_quantized
D:3:      layout_basic, nicolae_titane, uniq_terence
D:4:      layout_basic, minmay_temple_entry_statues_pillars,
          kennysheep_generic_room_6
D:5:      layout_gridville, mainiacjoe_overflow_tiny_flanked,
          uniq_crazy_yiuf_cottage
Temple:   hellmonk_temple_of_storms

Skill      XL: |  1  2  3  4  5  6 |
---------------+-------------------+-----
Axes           | 4 5 6 |  6.8
Fighting       | 4 5 |  5.7
Shields        | 1 2 3 |  3.6
Dodging        | |  2.6

Action                     |  1- 3 |  4- 6 |  7- 9 || total
---------------------------+-------+-------+-------++-------
  Melee: Hand axe          |   158 |   180 |       ||   338
         Tailslap          |    19 |    18 |     5 ||    42
         Whip              |       |     8 |    49 ||    57
    Use: Potion            |       |     1 |       ||     1
   Stab: Sleeping          |       |     3 |       ||     3
 Armour: Skin              |    58 |    66 |    18 ||   142
  Dodge: Dodged            |   112 |   108 |    27 ||   247
  Block: Buckler           |    12 |    28 |    15 ||    55

Table legend: (Time is in decaauts)
 A = Elapsed time spent in this place.
 B = Non-inter-level travel time spent in this place.
 C = Inter-level travel time spent in this place.
 D = Time resting spent in this place.
 E = Time spent auto-exploring this place.
 F = Levels seen in this place.
 G = Mean time per level.
                   A        B        C        D        E       F      G
               +--------+--------+--------+--------+--------+-----+--------+
         Total |   4575 |   4453 |    122 |      7 |   3546 |   6 |  762.5 |
       Dungeon |   4573 |   4451 |    122 |      7 |   3546 |   5 |  914.6 |
        Temple |      1 |      1 |      0 |      0 |      0 |   1 |    1.0 |
               +--------+--------+--------+--------+--------+-----+--------+

Top non-repeatable levels by time:
     D:3: 1812 daAuts
     D:2: 1084 daAuts
     D:4: 974 daAuts
     D:1: 626 daAuts
     D:5: 75 daAuts
  Temple: 1 daAuts
